 Dungeon Crawl Stone Soup version 0.22.1-6-g1668fe2 (webtiles) character file.

2390 doot the Thaumaturge (level 9, -1/47 HPs)
             Began as a Deep Elf Fire Elementalist on Jan 24, 2019.
             Was a Believer of Sif Muna.
             Slain by a killer bee (5 damage)
             ... on level 8 of the Dungeon.
             The game lasted 00:19:23 (7152 turns).

doot the Thaumaturge (Deep Elf Fire Elementalist)   Turns: 7152, Time: 00:19:24

Health: -1/47      AC:  4    Str:  5    XL:     9   Next: 22%
Magic:  13/23      EV: 14    Int: 24    God:    Sif Muna [**....]
Gold:   267        SH:  3    Dex: 15    Spells: 14/25 levels left

rFire    + + .     SeeInvis .   t - +2 dagger (protect)
rCold    + . .     Gourm    .   (no shield)
rNeg     . . .     Faith    .   y - +1 leather armour {rF+}
rPois    +         Spirit   .   (no helmet)
rElec    +         Reflect  +   (no cloak)
rCorr    +         Harm     .   (no gloves)
MR       .....     Rnd*Tele +   (no boots)
Stlth    +++.......             b - +3 amulet of reflection
HPRegen  0.15/turn              u - ring of teleportation
MPRegen  0.18/turn              (no ring)

@: lethally poisoned (-1 -> -9), resistant
A: no striking features
a: Divine Energy, Renounce Religion


You were on level 8 of the Dungeon.
You worshipped Sif Muna.
Sif Muna was pleased with you.
You were near starving.

You visited 2 branches of the dungeon, and saw 10 of its levels.

You collected 267 gold pieces.

Inventory:

Hand Weapons
 d - a +0 short sword
 p - a +0 rapier
 t - a +2 dagger of protection (weapon)
 z - a -2 falchion
Missiles
 i - 2 throwing nets (quivered)
Armour
 a - a +0 robe
 v - a +0 leather armour of magic resistance
 y - a +1 leather armour of fire resistance (worn)
Jewellery
 b - a +3 amulet of reflection (around neck)
 u - a ring of teleportation (left hand)
 C - an uncursed ring of see invisible {unknown}
Wands
 k - a wand of enslavement (11)
 s - a wand of flame (33)
Scrolls
 f - 11 scrolls of identify
 h - 2 scrolls of fear {unknown}
 j - 4 scrolls of teleportation {unknown}
 l - a scroll of magic mapping {unknown}
 m - 3 scrolls of remove curse
 o - a scroll of fog {unknown}
 w - a scroll of noise {unknown}
 A - a scroll of enchant armour {unknown}
Potions
 e - 3 potions of agility
 g - a potion of heal wounds {unknown}
 n - 2 potions of haste
 q - a potion of brilliance {unknown}
 x - a potion of magic {unknown}
Comestibles
 c - 6 rations


   Skills:
 + Level 1.2 Fighting
 + Level 3.1 Short Blades
 + Level 2.6 Armour
 + Level 4.9 Dodging
 + Level 4.4 Stealth
 + Level 8.6 Spellcasting
 + Level 6.1 Conjurations
 + Level 2.2 Hexes
 + Level 6.8 Fire Magic


You had 14 spell levels left.
You knew the following spells:

 Your Spells              Type           Power        Failure   Level  Hunger
a - Flame Tongue          Conj/Fire      #####        1%          1    None
b - Sticky Flame          Conj/Fire      #####...     7%          4    ##.....
c - Conjure Flame         Conj/Fire      #####...     1%          3    None
d - Inner Flame           Hex/Fire       ####....     4%          3    None

Your spell library contained the following spells:

 Spells                   Type           Power        Failure   Level  Hunger
 Throw Flame              Conj/Fire      #####.       1%          2    None
 Summon Small Mammal      Summ           ##..         10%         1    None
 Call Imp                 Summ           ##......     14%         2    None
 Summon Guardian Golem    Hex/Summ       ###.....     19%         3    None
 Fireball                 Conj/Fire      #####.....   19%         5    ####...
 Call Canine Familiar     Summ           ##......     28%         3    None
 Summon Ice Beast         Ice/Summ       ##......     67%         4    ##.....
 Summon Lightning Spire   Summ/Air       ##......     67%         4    ##.....


Dungeon Overview and Level Annotations

Branches:
Dungeon (9/15)             Temple (1/1) D:4
   Lair: D:8-11         Orc: D:9-12

Altars:
Ashenzari
Cheibriados
Dithmenos
Elyvilon
Fedhas
Gozag
Hepliaklqana
Kikubaaqudgha
Makhleb
Nemelex Xobeh
Okawaru
Qazlal
Ru
Sif Muna
Trog
Uskayaw
Vehumet
Wu Jian
Xom
Yredelemnul
Zin
The Shining One

Annotations:
D:3 1 runed door, Terandir's ghost, amateur MiFi
D:8 Grum


Message History

You kill the killer bee!
Sif Muna accepts your kill.
Sif Muna is protecting you from the effects of miscast magic.
You feel sick. The killer bee barely misses you.
Casting: Flame Tongue (safe; 1% risk of failure)
Confirm with . or Enter, or press ? or * to list all spells.
Aiming: Flame Tongue (safe; 1% risk of failure)
Press: ? - help, Shift-Dir - straight line, f/p - killer bee
Aim: a killer bee (severely wounded)
The flame tongue hits the killer bee.
The killer bee appears unharmed.
The killer bee stings you.
* * * LOW HITPOINT WARNING * * *
You are lethally poisoned!
The killer bee poisons you! The killer bee barely misses you.
Unknown command.
It was a potion of resistance.
You feel protected.
* * * LOW HITPOINT WARNING * * *
You feel sick. The killer bee barely misses you. The killer bee stings you.
You die...

#.#.# #.#.#
#...# ####..#
##+ #....># ....
###.##### .....
#...#
.....y######.###
.....hyyy@...#
..$..W########
.(... ..## #


You could see a hungry ghost, a howler monkey and 4 killer bees.

Vanquished Creatures
  A two-headed ogre (D:9)
  Eustachio (D:4)
  A water moccasin (D:9)
  A sky beast (D:5)
  An ogre (D:4)
  A necrophage (D:9)
  3 bullfrogs
  3 scorpions
  9 killer bees
  A howler monkey (D:6)
  A centaur zombie (D:5)
  A bullfrog zombie (D:9)
  2 hounds
  A centaur skeleton (D:9)
  3 orc wizards
  Ijyb (D:4)
  A worker ant (D:5)
  7 gnolls
  An adder (D:2)
  A shadow imp (D:7)
  An adder zombie (D:3)
  4 worms
  4 dart slugs
  2 leopard geckos
  12 orcs
  A ball python (D:2)
  5 giant cockroaches
  10 hobgoblins
  7 jackals
  2 quokkas
  7 bats
  3 frilled lizards
  7 goblins
  13 kobolds
  A leopard gecko skeleton (D:4)
  A leopard gecko zombie (D:9)
  A quokka skeleton (D:4)
  4 rats
126 creatures vanquished.

Notes
Turn   | Place    | Note
-------+----------+-------------------------------------------
     0 | D:1      | doot the Deep Elf Fire Elementalist began the quest for the
                  | Orb.
     0 | D:1      | Reached XP level 1. HP: 10/10 MP: 6/6
   180 | D:1      | Reached XP level 2. HP: 15/15 MP: 5/8
   825 | D:2      | Reached XP level 3. HP: 19/19 MP: 8/10
  1756 | D:3      | Reached skill level 4 in Spellcasting
  1756 | D:3      | Reached XP level 4. HP: 24/24 MP: 10/12
  1787 | D:3      | Learned a level 4 spell: Sticky Flame
  1846 | D:3      | Found a faded altar of an unknown god.
  2135 | D:3      | Noticed Terandir's ghost (amateur MiFi)
  2319 | D:3      | Found a runed door.
  2570 | D:4      | Reached XP level 5. HP: 23/28 MP: 6/13
  2656 | D:4      | Learned a level 3 spell: Conjure Flame
  2662 | D:4      | Learned a level 3 spell: Inner Flame
  2776 | D:4      | Noticed Eustachio
  2787 | D:4      | Found a staircase to the Ecumenical Temple.
  2795 | Temple   | Entered the Ecumenical Temple
  2881 | Temple   | Became a worshipper of Sif Muna the Loreminder
  4162 | D:4      | Noticed an ogre
  4180 | D:4      | Killed an ogre
  4180 | D:4      | Reached skill level 5 in Spellcasting
  4180 | D:4      | Reached skill level 5 in Fire Magic
  4180 | D:4      | Reached XP level 6. HP: 32/32 MP: 5/16
  4342 | D:4      | Killed Eustachio
  4497 | D:4      | Reached skill level 6 in Spellcasting
  4561 | D:4      | Reached skill level 1 in Short Blades
  4756 | D:4      | Noticed Ijyb
  4766 | D:4      | Killed Ijyb
  4766 | D:4      | Reached XP level 7. HP: 24/36 MP: 4/18
  5257 | D:5      | Entered Level 5 of the Dungeon
  6031 | D:6      | Reached skill level 1 in Armour
  6165 | D:7      | You fall through a shaft for 2 floors!
  6190 | D:9      | Noticed a two-headed ogre
  6209 | D:9      | Reached skill level 7 in Spellcasting
  6210 | D:9      | Reached * piety under Sif Muna
  6210 | D:9      | Reached XP level 8. HP: 38/42 MP: 4/20
  6213 | D:9      | Killed a two-headed ogre
  6213 | D:9      | Reached skill level 1 in Fighting
  6213 | D:9      | Reached skill level 8 in Spellcasting
  6213 | D:9      | Reached skill level 5 in Conjurations
  6213 | D:9      | Reached skill level 1 in Hexes
  6554 | D:9      | Reached XP level 9. HP: 44/47 MP: 16/23
  6867 | D:8      | Noticed Grum
  6868 | D:8      | Found a sacrificial altar of Ru.
  7150 | D:8      | Reached ** piety under Sif Muna
  7152 | D:8      | Slain by a killer bee

Skill      XL: |  1  2  3  4  5  6  7  8  9 |
---------------+----------------------------+-----
Fire Magic     | 4 5 6 |  6.8
Conjurations   | 2 3 4 5 6 |  6.1
Spellcasting   | 4 5 6 7 8 |  8.6
Stealth        | 3 4 |  4.4
Dodging        | 3 4 |  4.9
Short Blades   | 1 2 3 |  3.1
Armour         | 1 2 |  2.6
Fighting       | 1 |  1.2
Hexes          | 1 2 |  2.2

Action                   |  1- 3 |  4- 6 |  7- 9 || total
-------------------------+-------+-------+-------++-------
Melee: Short sword       |     6 |       |       ||     6
       Rapier            |     9 |     1 |       ||    10
       Dagger            |       |     6 |    56 ||    62
 Cast: Flame Tongue      |    64 |    99 |    93 ||   256
       Sticky Flame      |       |    10 |    13 ||    23
       Conjure Flame     |       |     4 |     6 ||    10
       Inner Flame       |       |     2 |     3 ||     5
  Use: Scroll            |       |       |     2 ||     2
       Potion            |       |       |     1 ||     1
 Stab: Sleeping          |       |       |     2 ||     2
  Eat: Chunk             |     2 |    11 |     7 ||    20
Armor: Robe              |     3 |     4 |       ||     7
       Leather armour    |       |     3 |    26 ||    29
Dodge: Dodged            |    21 |    35 |    76 ||   132
Block: Other             |     4 |     2 |     9 ||    15
